 Dungeon Crawl Stone Soup version 0.31-a0-819-gf6de2f5ab6 (webtiles) character file.

Game seed: 2842154420397181125

424 qw the Shooter (level 6, -3/39 HPs)
             Began as a Gargoyle Hunter on Sept 23, 2023.
             Splashed by a jelly's acid (7 damage)
             ... on level 5 of the Dungeon.
             The game lasted 00:01:26 (4000 turns).

qw the Shooter (Gargoyle Hunter)                    Turns: 4000, Time: 00:01:27

Health: -3/39      AC: -2    Str: 14    XL:     6   Next: 96%
Magic:  6/6        EV: 12    Int: 10    God:
Gold:   316        SH:  5    Dex: 15    Spells: 5/5 levels left

rFire   . . .        Y - +2 shortbow
rCold   + . .        (shield currently unavailable)
rNeg    + . .        b - +2 robe {rC+}
rPois   inf          (no helmet)
rElec   +            (no cloak)
rCorr   .            k - +0 pair of gloves
SInv    .            (no boots)
Will    .....        p - amulet of reflection
Stlth   ++           (no ring)
HPRegen 0.26/turn    (no ring)
MPRegen 0.10/turn

%: reflection
@: corroded
A: sickness immunity, AC +4, negative energy resistance 1, electricity
resistance, torment resistance 1, petrification resistance
a: no special abilities


You were on level 5 of the Dungeon.
You visited 1 branch of the dungeon, and saw 5 of its levels.

You collected 316 gold pieces.


Innate Abilities, Weirdness & Mutations

You are immune to sickness and miasma.
Your stone body is resilient. (AC +4)
You are immune to poison.
You resist negative energy. (rN+)
You are resistant to electric shocks. (rElec)
You are resistant to unholy torment.
You are immune to petrification.


   Skills:
 - Level 4.3 Fighting
 - Level 7.0 Ranged Weapons
 - Level 1.0 Armour
 + Level 1.7 Dodging
 - Level 1.1 Stealth


You had 5 spell levels left.
You didn't know any spells.
Your spell library was empty.

Inventory:

Hand Weapons
 Y - a +2 shortbow (weapon)
Armour
 b - a +2 robe of cold resistance (worn)
 k - a +0 pair of gloves (worn)
Jewellery
 p - an amulet of reflection (around neck)
Scrolls
 c - 2 scrolls of identify
Potions
 a - a potion of enlightenment
 f - a potion of berserk rage {unknown}
 g - a potion of resistance {unknown}
 h - a potion of brilliance {unknown}
 i - 3 potions of curing
 l - a potion of magic {unknown}
 m - a potion of haste {unknown}
 o - a potion of cancellation {unknown}

Dungeon Overview and Level Annotations

Branches:
Dungeon (5/15)
 Temple: D:4-7

Altars:
Cheibriados
Makhleb
Sif Muna
Trog

Annotations:
D:5 Eustachio


Message History

Enter note:
3992 |||
Found retreat position at 0,-1 (floor) with 0 blocking monsters and 1 monsters attacking at destination at distance 1
3992 ||| Stepping ~*~*~tactically~*~*~ (retreating).
You shoot an arrow. The arrow barely misses the river rat.
The river rat bites you.
You shoot an arrow. The arrow closely misses the river rat.
The arrow barely misses the sky beast.
The river rat bites you but does no damage.
The sky beast flickers out of sight!
Deactivating autopickup; reactivate with Ctrl-A.
You shoot an arrow. The arrow hits the river rat.
You kill the river rat!
The river rat's corpse disappears in a puff of smoke!
Eustachio mumbles some strange words.
The jelly hits you but does no damage.
You shoot an arrow. The arrow hits the jelly.
The jelly is lightly wounded.
Something hits you but does no damage. The jelly hits you but does no damage.
You shoot an arrow.
The arrow hits the jelly but does no damage.
The jelly is lightly wounded.
Something hits you. Something shocks you. You resist. The jelly hits you.
The acid corrodes you!
You are splashed with acid!
3998 |||
Found retreat position at -2,6 (floor) with 0 blocking monsters and 1 monsters attacking at destination at distance 6
3998 ||| DRINKING potion of heal wounds.
You feel much better. Something hits you but does no damage.
The jelly hits you. The acid corrodes you!
You are splashed with acid!
3999 |||
Found retreat position at -2,6 (floor) with 0 blocking monsters and 1 monsters attacking at destination at distance 6
3999 ||| Stepping ~*~*~tactically~*~*~ (retreating).
You shoot an arrow. The arrow closely misses the iron imp.
The iron imp disappears in a puff of smoke!
You block something's attack. The iron imp puffs mist at you.
The jelly hits you. The acid corrodes you!
You are splashed with acid.
You shoot an arrow. The arrow barely misses Eustachio.
The iron imp disappears in a puff of smoke!
Something hits you. Something shocks you. You resist. The jelly hits you.
The acid corrodes you!
You are splashed with acid!
You die...

.##...# 7.# .. ...#..#7 7..
..# ##..#...77 7.# .
...##........7 7#.# ##
..P.............77 77..###.
...P.#............7 7....#..
#..P..............777.......
...P......Jr@.....)7#....#..
..........#@#............#..
..........#{#...............
#.......r¤................
#.....J...5.........).....
#J.####..¤###..........).....
..Y## ##.¤##...........).....
....#.#¤.#...................
......##.##5........####..#..
#....##r.#.........# #..#..


You could see Eustachio, a jelly, a crimson imp (summoned), a river rat
(summoned) and a quokka (summoned).

Vanquished Creatures
  A jelly (D:4)
  A hound (D:4)
  An iguana (D:5)
  Jessica (D:2)
  Terence (D:3)
  3 orc wizards (D:5)
  9 adders
  2 gnolls (D:3)
  A white imp (D:3)
  An ufetubus (D:4)
  A worm (D:3)
  2 dart slugs
  6 orcs
  5 endoplasms
  5 giant cockroaches
  5 goblins
  5 hobgoblins
  7 jackals
  5 quokkas
  11 ball pythons
  2 bats (D:1)
  3 frilled lizards (D:2)
  7 kobolds
  6 rats
91 creatures vanquished.

Notes
Turn   | Place    | Note
-------+----------+-------------------------------------------
     0 | D:1      | qw the Gargoyle Hunter began the quest for the Orb.
     0 | D:1      | Reached XP level 1. HP: 12/12 MP: 1/1
     0 | D:1      | 0 ||| qw: Version: 0.3-a-83-gcd0e7d8
     0 | D:1      | 0 ||| qw: Game counter: 1582
     0 | D:1      | 0 ||| qw: Melee chars always use a shield: true
     0 | D:1      | 0 ||| qw: God list: Okawaru
     0 | D:1      | 0 ||| qw: Allow faded altars: false
     0 | D:1      | 0 ||| qw: Do Orc after clearing Dungeon:15 true
     0 | D:1      | 0 ||| qw: Do second Lair branch before Depths: true
     0 | D:1      | 0 ||| qw: Lair rune preference: random
     0 | D:1      | 0 ||| qw: Goals: Normal
     0 | D:1      | 0 ||| PLANNING D:1-11
   246 | D:1      | HP: 3/12 [jackal (2)]
   248 | D:1      | Reached XP level 2. HP: 5/17 MP: 2/2
   516 | D:1      | You fall into a shaft and drop 1 floor!
   616 | D:2      | Reached XP level 3. HP: 21/21 MP: 3/3
   620 | D:2      | Reached skill level 5 in Ranged Weapons
   669 | D:2      | 669 ||| UPGRADING to +0 ring mail.
   679 | D:2      | 679 ||| DROPPING +0 leather armour.
   680 | D:2      | 680 ||| UPGRADING to +0 pair of gloves.
   685 | D:2      | 685 ||| UPGRADING to amulet of reflection.
   690 | D:2      | 690 ||| READING scroll labelled JIFEPOANYR.
   691 | D:2      | 691 ||| READING scroll labelled JUDDOC TAORPHYCK.
   692 | D:2      | 692 ||| READING scroll labelled NOASEXKE GAUFAIGE.
   708 | D:2      | 708 ||| READING scroll labelled ISUENU WYETI.
   709 | D:2      | 709 ||| READING scroll labelled DIUCWEODD.
   710 | D:2      | 710 ||| READING scroll labelled HIRITS RUNO.
   711 | D:2      | 711 ||| DRINKING 4 sedimented dark potions.
   712 | D:2      | 712 ||| DROPPING scroll of butterflies.
  1224 | D:2      | Reached skill level 1 in Armour
  1447 | D:2      | Reached XP level 4. HP: 27/27 MP: 4/4
  1700 | D:2      | Noticed Jessica
  1702 | D:2      | Killed Jessica
  1703 | D:2      | Reached skill level 3 in Fighting
  1711 | D:2      | 1711 ||| UPGRADING to +2 robe of cold resistance.
  1721 | D:2      | 1721 ||| DROPPING +0 ring mail.
  1722 | D:2      | 1722 ||| READING scroll labelled DERYISHUCK.
  1765 | D:3      | Found a bloodstained altar of Trog.
  1776 | D:3      | Found a shimmering blue altar of Sif Muna.
  1820 | D:3      | Found a burning altar of Makhleb.
  1821 | D:3      | Noticed Terence
  1831 | D:3      | Killed Terence
  1832 | D:3      | Reached XP level 5. HP: 24/32 MP: 5/5
  2176 | D:3      | Reached skill level 6 in Ranged Weapons
  2703 | D:3      | 2703 ||| READING scroll labelled XOPRIU TAESEI.
  2879 | D:4      | Reached XP level 6. HP: 39/39 MP: 6/6
  3504 | D:4      | 3504 ||| READING scroll labelled AMOZUPSYNK.
  3505 | D:4      | 3505 ||| READING scroll labelled RIATID AFY.
  3506 | D:4      | 3506 ||| READING 3 scrolls of identify.
  3506 | D:4      | 3506 ||| IDENTIFYING metallic golden potion
  3507 | D:4      | 3507 ||| READING 2 scrolls of identify.
  3507 | D:4      | 3507 ||| IDENTIFYING red potion
  3534 | D:5      | Entered Level 5 of the Dungeon
  3534 | D:5      | Found a snail-covered altar of Cheibriados.
  3569 | D:5      | 3569 ||| DRINKING 6 potions of curing.
  3569 | D:5      | 3569 ||| (to cure confusion)
  3576 | D:5      | 3576 ||| DRINKING 5 potions of curing.
  3576 | D:5      | 3576 ||| (to cure confusion)
  3799 | D:5      | 3799 ||| DRINKING 4 potions of curing.
  3799 | D:5      | 3799 ||| (to cure confusion)
  3835 | D:5      | Reached skill level 7 in Ranged Weapons
  3939 | D:5      | 3939 ||| READING scroll of enchant weapon.
  3939 | D:5      | 3939 ||| ENCHANTING +1 shortbow.
  3960 | D:5      | Noticed Eustachio
  3963 | D:5      | Noticed a sky beast
  3964 | D:5      | 3964 ||| RETREEAATING.
  3979 | D:5      | 3979 ||| Stepping ~*~*~tactically~*~*~ (retreating).
  3981 | D:5      | 3981 ||| Stepping ~*~*~tactically~*~*~ (retreating).
  3983 | D:5      | 3983 ||| Stepping ~*~*~tactically~*~*~ (retreating).
  3984 | D:5      | 3984 ||| Stepping ~*~*~tactically~*~*~ (retreating).
  3986 | D:5      | 3986 ||| Stepping ~*~*~tactically~*~*~ (retreating).
  3987 | D:5      | 3987 ||| Stepping ~*~*~tactically~*~*~ (retreating).
  3988 | D:5      | 3988 ||| Stepping ~*~*~tactically~*~*~ (retreating).
  3989 | D:5      | 3989 ||| Stepping ~*~*~tactically~*~*~ (retreating).
  3990 | D:5      | 3990 ||| Stepping ~*~*~tactically~*~*~ (retreating).
  3991 | D:5      | 3991 ||| Stepping ~*~*~tactically~*~*~ (retreating).
  3992 | D:5      | 3992 ||| Stepping ~*~*~tactically~*~*~ (retreating).
  3997 | D:5      | HP: 5/39 [acid (8)]
  3998 | D:5      | 3998 ||| DRINKING potion of heal wounds.
  3999 | D:5      | 3999 ||| Stepping ~*~*~tactically~*~*~ (retreating).
  4000 | D:5      | Splashed by a jelly's acid

Levels and vault maps discovered:
D:1:      mrwooster_arrival_arrow, layout_basic
D:2:      layout_loops_ring, uniq_jessica
D:3:      kb_forest_paths, layout_loops_ring,
          nzn_overflow_gifts_of_might_and_magic, mainiacjoe_overflow_paths,
          kennysheep_donut, minmay_misc_feat_iff, uniq_terence
D:4:      layout_loops_ring, minmay_between
D:5:      layout_cave_pools, mainiacjoe_overflow_boulevard,
          nicolae_qazlal_beasts_of_the_sky, overflow_temple_1_default,
          minmay_misc_feat_chi, hellmonk_no_cap, uniq_eustachio, uniq_menkaure

Skill      XL: |  1  2  3  4  5  6 |
---------------+-------------------+-----
Ranged Weapons | 5 6 7 |  7.0
Armour         | 1 |  1.0
Fighting       | 3 4 |  4.3
Dodging        | |  1.7
Stealth        | |  1.1

Action                     |  1- 3 |  4- 6 || total
---------------------------+-------+-------++-------
   Fire: Shortbow          |   130 |   237 ||   367
    Use: Scroll            |     6 |     7 ||    13
         Potion            |     1 |     4 ||     5
 Armour: Leather armour    |    32 |       ||    32
         Ring mail         |     2 |       ||     2
         Robe              |       |   101 ||   101
  Dodge: Dodged            |    38 |    66 ||   104
  Block: Other             |     1 |    30 ||    31

Table legend:
 A = Non-vault XP
 B = Vault XP
 C = Vault XP percentage of total XP
 D = Non-vault monster count
 E = Vault monster count
 F = Vault count percentage of total count
                 A         B        C        D         E       F
            +---------+---------+-------+---------+---------+-------
      Total |     445 |     162 |  26.7 |      77 |      14 |  15.4
            +---------+---------+-------+---------+---------+-------
        D:1 |      38 |       0 |   0.0 |      24 |       0 |   0.0
        D:2 |      46 |      37 |  44.6 |      20 |       1 |   4.8
        D:3 |      43 |     109 |  71.7 |       9 |       9 |  50.0
        D:4 |     130 |      16 |  11.0 |      13 |       4 |  23.5
        D:5 |     188 |       0 |   0.0 |      11 |       0 |   0.0
            +---------+---------+-------+---------+---------+-------
